 Dungeon Crawl Stone Soup version 0.21.1-1-g345015fe64 (webtiles) character file.

189 KleinerIrrer the Chopper (level 6, 0/47 HPs)
             Began as a Formicid Fighter on Mar 17, 2018.
             Was an Initiate of the Shining One.
             Slain by a gnoll
             ... wielding a +0 flail
              (7 damage)
             ... on level 4 of the Dungeon.
             The game lasted 00:03:48 (2807 turns).

KleinerIrrer the Chopper (Formicid Fighter)         Turns: 2807, Time: 00:03:48

Health: 0/47       AC:  8    Str: 23    XL:     6   Next: 0%
Magic:  6/6        EV:  8    Int:  7    God:    the Shining One [......]
Gold:   184        SH:  9    Dex: 10    Spells: 5/5 levels left

rFire    . . .     SeeInvis +   a - +0 war axe
rCold    . . .     Gourm    .   c - +0 shield
rNeg     . . .     Faith    .   b - +0 scale mail
rPois    .         Spirit   .   (helmet unavailable)
rElec    .         Reflect  .   p - +0 cloak
rCorr    .         Harm     .   (no gloves)
MR       .....                  (no boots)
Stlth    ..........             (no amulet)
HPRegen  0.15/turn              (no ring)
MPRegen  0.10/turn              (no ring)

@: glowing
A: permanent stasis, dig shafts and tunnels, four strong arms, antennae 3
a: Dig, Shaft Self, Renounce Religion


You were on level 4 of the Dungeon.
You worshipped the Shining One.
The Shining One was noncommittal.
You were not hungry.

You visited 1 branch of the dungeon, and saw 4 of its levels.

You collected 184 gold pieces.

Inventory:

Hand Weapons
 a - a +0 war axe (weapon)
Missiles
 r - 26 bolts
Armour
 b - a +0 scale mail (worn)
 c - a +0 shield (worn)
 p - a +0 cloak (worn)
Scrolls
 e - 6 scrolls of identify {unknown}
 g - a scroll of enchant armour {unknown}
 i - a scroll of fear {unknown}
 l - a scroll of blinking {unknown}
 q - a scroll of amnesia {unknown}
 s - 2 scrolls of teleportation {unknown}
 t - a scroll of noise {unknown}
 u - 2 scrolls of remove curse {unknown}
 v - a scroll of immolation {unknown}
Potions
 d - a potion of might
 h - a potion of lignification {unknown}
 j - a potion of curing {unknown}
 k - a potion of degeneration {unknown}
 m - a potion of mutation {unknown}
 n - a potion of brilliance {unknown}
 o - a potion of haste {unknown}
Comestibles
 f - 2 rations


   Skills:
 - Level 3.2 Fighting
 + Level 5.7 Axes
 - Level 3.2 Armour
 - Level 3.6 Shields


You had 5 spell levels left.
You didn't know any spells.

Dungeon Overview and Level Annotations

Branches:
Dungeon (4/15)
 Temple: D:4-7

Altars:
Fedhas
Nemelex Xobeh
Yredelemnul
The Shining One


Innate Abilities, Weirdness & Mutations

You cannot be hasted, slowed, berserked, paralysed or teleported.
You can dig through walls and to a lower floor.
Your four strong arms can wield two-handed weapons with a shield.
You have a pair of large antennae on your head. (SInv)


Message History

Your experience leads to an increase in your attributes!
Increase (S)trength, (I)ntelligence, or (D)exterity?
You feel stronger.
You hit the gnoll but do no damage.
You feel sick. You block the gnoll's attack.
You barely miss the gnoll. The gnoll hits you with a flail.
* * * LOW HITPOINT WARNING * * *
You hit the gnoll.
The gnoll is lightly wounded.
The gnoll hits you but does no damage.
You barely miss the gnoll.
The gnoll is lightly wounded.
You feel sick.
You are no longer poisoned.
The gnoll hits you but does no damage. The gnoll hits you with a flail.
* * * LOW HITPOINT WARNING * * *
You slash the gnoll!
The gnoll is severely wounded.
The gnoll hits you with a flail!
You die...

≈≈≈≈≈≈≈≈...<.......
≈≈≈≈≈≈♣♣....<......
≈≈≈≈≈≈≈..........#
≈≈≈♣≈P♣♣..........#
≈≈≈≈P≈≈.#####......
≈≈♣P≈♣♣..# ......
P≈≈≈P≈≈#.# .....#
≈≈PP≈♣≈#.# ....##


P≈P ≈##@# P ♣≈ #g# ♣# #.)...... ......... .......... #.......... ...........
##.[........ ........... You could see a gnoll.

Vanquished Creatures
  Jessica (D:3)
  An orc wizard (D:3)
  4 gnolls
  3 adders
  2 oozes
  2 dart slugs (D:1)
  A worm (D:2)
  3 leopard geckos
  4 orcs (D:3)
  3 giant cockroaches (D:1)
  7 goblins
  10 hobgoblins
  3 bats
  2 frilled lizards
  6 kobolds
  3 rats
55 creatures vanquished.

Vanquished Creatures (others)
  A fungus (D:2)
1 creature vanquished.

Grand Total: 56 creatures vanquished

Notes
Turn   | Place    | Note
-------+----------+-------------------------------------------
     0 | D:1      | KleinerIrrer the Formicid Fighter began the quest for the Orb.
     0 | D:1      | Reached XP level 1. HP: 18/18 MP: 1/1
   220 | D:1      | Reached XP level 2. HP: 24/24 MP: 2/2
   265 | D:1      | Reached skill level 3 in Axes
   316 | D:1      | Reached XP level 3. HP: 8/29 MP: 3/3
  1166 | D:2      | Found a blossoming altar of Fedhas.
  1312 | D:2      | Reached skill level 4 in Axes
  1312 | D:2      | Reached XP level 4. HP: 28/35 MP: 4/4
  2107 | D:3      | Reached skill level 5 in Axes
  2107 | D:3      | Reached XP level 5. HP: 22/41 MP: 5/5
  2468 | D:3      | Noticed Jessica
  2475 | D:3      | Killed Jessica
  2487 | D:3      | Found a faded altar of an unknown god.
  2487 | D:3      | Found a sparkling altar of Nemelex Xobeh.
  2493 | D:3      | Found a glowing golden altar of the Shining One.
  2495 | D:3      | Found a basalt altar of Yredelemnul.
  2497 | D:3      | Found a faded altar of an unknown god.
  2500 | D:3      | Became a worshipper of the Shining One
  2802 | D:4      | Reached XP level 6. HP: 16/47 MP: 6/6
  2807 | D:4      | Slain by a gnoll

Skill      XL: |  1  2  3  4 |
---------------+-------------+-----
Axes           | 3 4 5 |  5.7
Fighting       | |  3.2
Armour         | |  3.2
Shields        | |  3.6

Action                   |  1- 3 |  4- 6 || total
-------------------------+-------+-------++-------
Melee: War axe           |   125 |   119 ||   244
  Eat: Chunk             |     2 |     3 ||     5
       Ration            |       |     1 ||     1
Armor: Scale mail        |    66 |    49 ||   115
Dodge: Dodged            |    41 |    46 ||    87
Block: Shield            |    67 |    67 ||   134
